 Dungeon Crawl Stone Soup version 0.28-a0-793-g31680bbd8b (webtiles) character file.

Game seed: 13115496437718117456

445 ytrimaz the Cutter (level 7, -6/54 HPs)
             Began as a Formicid Fighter on Nov 3, 2021.
             Mangled by an ogre (7 damage)
             ... on level 4 of the Dungeon.
             The game lasted 00:03:05 (3040 turns).

ytrimaz the Cutter (Formicid Fighter)               Turns: 3040, Time: 00:03:05

Health: -6/54      AC: 10    Str: 23    XL:     7   Next: 23%
Magic:  7/7        EV: 10    Int:  7    God:
Gold:   157        SH:  4    Dex: 10    Spells: 6/6 levels left

rFire   . . .      SeeInvis +   a - +0 rapier
rCold   . . .      Faith    .   c - +0 buckler
rNeg    . . .      Spirit   .   b - +0 scale mail
rPois   .          Reflect  .   (helmet unavailable)
rElec   .          Harm     .   i - +2 cloak
rCorr   .          Rampage  .   (no gloves)
Will    .....                   (no boots)
Stlth   ..........              (no amulet)
HPRegen 0.18/turn               g - ring of flight
MPRegen 0.10/turn               (no ring)

@: flying
A: permanent stasis, dig shafts and tunnels, antennae 3, four strong arms
a: Dig, Shaft Self


You were on level 4 of the Dungeon.
You visited 1 branch of the dungeon, and saw 4 of its levels.

You collected 157 gold pieces.

Inventory:

Hand Weapons
 a - a +0 rapier (weapon)
Armour
 b - a +0 scale mail (worn)
 c - a +0 buckler (worn)
 i - a +2 cloak (worn)
Jewellery
 g - a ring of flight (left hand)
Scrolls
 d - 2 scrolls of teleportation {unknown}
 e - 2 scrolls of identify {unknown}
 j - 3 scrolls of silence
 k - 2 scrolls of fear {unknown}
 l - a scroll of noise {unknown}
Potions
 f - a potion of attraction


   Skills:
 * Level 4.0 Fighting
 * Level 5.4 Short Blades
 * Level 4.7 Armour
 * Level 2.1 Dodging
 - Level 4.0 Shields


You had 6 spell levels left.
You didn't know any spells.
Your spell library contained the following spells:

 Spells                   Type           Power      Damage    Failure   Level
 Foxfire                  Conj/Fire      0%         2x1d4     75%         1
 Conjure Flame            Conj/Fire      0%         6-21      98%         3
 Inner Flame              Hex/Fire       0%         N/A       98%         3
 Flame Wave               Conj/Fire      0%         3d3       100%        4


Dungeon Overview and Level Annotations

Branches:
Dungeon (4/15)
 Temple: D:4-7

Altars:

Annotations:
D:3 1 transporter, AlleluiaPinecone's ghost, amateur GnBr


Innate Abilities, Weirdness & Mutations

You cannot be hasted, slowed, berserked, paralysed or teleported.
You can dig through walls and to a lower floor.
You have a pair of large antennae on your head. (SInv)
Your four strong arms can wield two-handed weapons with a shield.


Message History

There is an open door here.
Found a stone staircase leading down.
You now have 157 gold pieces (gained 13).
There is an open door here.
Found an escape hatch in the floor.
k - 2 scrolls labelled ZEGREO JATRAOP (gained 1)
There is an open door here.
An ogre comes into view. It is wielding a +0 giant spiked club.
The ogre shouts!
The ogre completely misses you.
You hit the ogre but do no damage. You hit the ogre.
The ogre is lightly wounded.
The ogre hits you with a +0 giant spiked club!!
Ouch! That really hurt!
You are too injured to fight recklessly!
You are too injured to fight recklessly!
You are too injured to fight recklessly!
You are too injured to fight recklessly!
You are too injured to fight recklessly!
You are too injured to fight recklessly!
You are too injured to fight recklessly!
You are too injured to fight recklessly!
You are too injured to fight recklessly!
You are too injured to fight recklessly!
You are too injured to fight recklessly!
You are too injured to fight recklessly!
It was a potion of curing.
You feel better.
The ogre hits you with a +0 giant spiked club!!
* * * LOW HITPOINT WARNING * * *
Unknown command.
You hit the ogre.
The ogre is lightly wounded.
You hit the ogre but do no damage.
The ogre is lightly wounded.
The ogre hits you with a +0 giant spiked club!
* * * LOW HITPOINT WARNING * * *
Unknown command.
The ogre hits you with a +0 giant spiked club!
You die...

...........#................
#..#######+#................
##..#.........#####'##.....#
....#.........#...#..#.....+
....#.........'...#..#.....#
....'.........#...#..'..>..#
#..##.........#..##..#.....#
##+#....#######O.##..#......#
#....#.......@'<..'......#
#...(#........#...#......#
#....#........#...#......#
#....#........#...#......#
####[...####+######..#......#
.....#†###......###..# ##.
.....+...#......#...>#
.....#...#......#....#
.....#...#......#....#


You could see an ogre.

Vanquished Creatures
  Sigmund (D:2)
  An ogre (D:4)
  A scorpion (D:2)
  A centaur skeleton (D:4)
  3 adders
  4 gnolls (D:3)
  A worm (D:4)
  An orc (D:4)
  7 bats
  7 endoplasms
  5 giant cockroaches
  6 goblins
  3 hobgoblins
  4 kobolds
  2 quokkas (D:2)
  4 ball pythons
  10 frilled lizards
  8 rats
69 creatures vanquished.

Notes
Turn   | Place    | Note
-------+----------+-------------------------------------------
     0 | D:1      | ytrimaz the Formicid Fighter began the quest for the Orb.
     0 | D:1      | Reached XP level 1. HP: 18/18 MP: 1/1
   249 | D:1      | Reached XP level 2. HP: 24/24 MP: 2/2
   430 | D:1      | Found a faded altar of an unknown god.
   919 | D:2      | Reached XP level 3. HP: 29/29 MP: 3/3
  1176 | D:2      | Reached skill level 3 in Short Blades
  1219 | D:2      | Noticed Sigmund
  1241 | D:2      | Killed Sigmund
  1242 | D:2      | Reached skill level 4 in Short Blades
  1242 | D:2      | Reached skill level 1 in Dodging
  1242 | D:2      | Reached XP level 4. HP: 4/36 MP: 4/4
  1242 | D:2      | Reached XP level 5. HP: 4/41 MP: 5/5
  1702 | D:2      | Reached XP level 6. HP: 47/47 MP: 6/6
  2019 | D:3      | Noticed AlleluiaPinecone's ghost (amateur GnBr)
  2019 | D:3      | Noticed an ogre
  2021 | D:3      | Noticed an ogre
  2024 | D:3      | Found a transporter.
  2236 | D:3      | Reached skill level 5 in Short Blades
  2627 | D:4      | Noticed an ogre
  2636 | D:4      | Killed an ogre
  2637 | D:4      | Reached XP level 7. HP: 41/53 MP: 7/7
  3038 | D:4      | HP: 1/54 [ogre (12)]
  3040 | D:4      | Mangled by an ogre

Illustrated notes

Levels and vault maps discovered:
D:1:      dpeg_arrival_arbitrary_c, layout_loops_ring,
          shapermc_ecumenical_altar_pompeii
D:2:      layout_rooms, minmay_lizard_pond, uniq_sigmund
D:3:      layout_rooms, gammafunk_ghost_smash
D:4:      layout_gridville, ebering_dispersal_statue_hall

Skill      XL: |  1  2  3  4  5  6  7 |
---------------+----------------------+-----
Short Blades   | 4 5 |  5.4
Armour         | 4 |  4.7
Dodging        | 1 2 |  2.1
Shields        | 4 |  4.0
Fighting       | 4 |  4.0

Action                   |  1- 3 |  4- 6 |  7- 9 || total
-------------------------+-------+-------+-------++-------
Melee: Rapier            |    98 |    88 |    32 ||   218
  Use: Scroll            |     3 |       |       ||     3
       Potion            |     1 |     4 |     1 ||     6
Armor: Scale mail        |    35 |    36 |    10 ||    81
Dodge: Dodged            |    53 |    43 |    13 ||   109
Block: Buckler           |    25 |    22 |     4 ||    51

Table legend: (Time is in decaauts)
 A = Elapsed time spent in this place.
 B = Non-inter-level travel time spent in this place.
 C = Inter-level travel time spent in this place.
 D = Time resting spent in this place.
 E = Time spent auto-exploring this place.
 F = Levels seen in this place.
 G = Mean time per level.
                   A        B        C        D        E       F      G
               +--------+--------+--------+--------+--------+-----+--------+
         Total |   3041 |   2995 |     46 |    373 |   2037 |   4 |  760.2 |
       Dungeon |   3041 |   2995 |     46 |    373 |   2037 |   4 |  760.2 |
               +--------+--------+--------+--------+--------+-----+--------+

Top non-repeatable levels by time:
     D:2: 1084 daAuts
     D:1: 903 daAuts
     D:3: 563 daAuts
     D:4: 489 daAuts
